 Dungeon Crawl Stone Soup version 0.19.1-1-g22dce08 (webtiles) character file.

1719 sveltemanboy the Summoner (level 9, -21/48 HPs)
             Began as a Tengu Summoner on Jan 7, 2017.
             Killed from afar by a quokka (42 damage)
             ... with an exploding inner flame
             ... hexed by the player character
             ... on level 7 of the Dungeon.
             The game lasted 00:22:56 (8919 turns).

sveltemanboy the Summoner (Tengu Summoner)          Turns: 8919, Time: 00:22:57

Health: -21/48     AC:  5    Str:  9    XL:     9   Next: 4%
Magic:  11/13      EV: 13    Int: 18    God:
Gold:   299        SH:  7    Dex: 15    Spells: 4 memorised, 2 levels left

rFire  . . .     SeeInvis .     g - +2 dagger (elec)
rCold  . . .     Gourm    .     o - +0 robe
rNeg   . . .     Faith    .     a - +2 buckler
rPois  +         Spirit   .     (helmet restricted)
rElec  .         Reflect  .     A - +1 cloak
rCorr  .         Harm     +     F - +0 pair of gloves
MR     .....                    (boots unavailable)
Stlth  +++.......               v - amulet of harm
                                y - ring of poison resistance
                                x - ring of stealth

@: no status effects
A: beak, talons 3, able to fly 1
a: Fly


You were on level 7 of the Dungeon.
You were hungry.

You visited 2 branches of the dungeon, and saw 8 of its levels.

You collected 299 gold pieces.

Inventory:

Hand Weapons
 b - a +0 spear of venom
 g - a +2 dagger of electrocution (weapon)
 l - a +0 spear of flaming
 C - a +0 trident
 E - a +0 halberd
Armour
 a - a +2 buckler (worn)
 o - a +0 robe (worn)
 A - a +1 cloak (worn)
 F - a +0 pair of gloves (worn)
Jewellery
 d - a cursed amulet of inaccuracy {unknown}
 e - an uncursed amulet of guardian spirit
 v - an amulet of harm (around neck)
 x - a ring of stealth (left hand)
 y - a ring of poison resistance (right hand)
Scrolls
 i - 4 scrolls of identify
 k - 5 scrolls of remove curse
 m - 2 scrolls of amnesia
 t - 3 scrolls of immolation
 u - a scroll of magic mapping
Potions
 f - 2 potions of cancellation {unknown}
 h - 2 potions of flight
 n - a potion of curing
 p - 2 potions of brilliance {unknown}
 q - a potion of mutation
 B - a potion of agility {unknown}
Comestibles
 c - 5 bread rations
 j - 3 meat rations
 z - 4 chunks of flesh


   Skills:
 - Level 2.0 Fighting
 + Level 5.2 Polearms
 - Level 2.1 Dodging
 - Level 2.0 Stealth
 - Level 5.0 Shields
 - Level 2.0 Spellcasting
 + Level 10.9 Summonings


You had 2 spell levels left.
You knew the following spells:

 Your Spells              Type           Power        Failure   Level  Hunger
a - Summon Small Mammal   Summ           ####         1%          1    #......
b - Call Imp              Summ           #####...     1%          2    ###....
c - Call Canine Familiar  Summ           #####...     1%          3    ###....
d - Summon Ice Beast      Ice/Summ       ###.....     24%         4    #####..


Dungeon Overview and Level Annotations

Branches:
Dungeon (7/15)             Temple (1/1) D:7

Altars:
Cheibriados
Dithmenos
Elyvilon
Fedhas
Gozag
Hepliaklqana
Kikubaaqudgha
Makhleb
Nemelex Xobeh
Okawaru
Qazlal
Ru
Trog
Uskayaw
Vehumet
Xom
Yredelemnul
Zin
The Shining One

Shops:
D:6 !

Annotations:
D:7 Alarkh's ghost, novice DsMo; Duvessa


Innate Abilities, Weirdness & Mutations

You have a beak for a mouth.
You have claws for feet.
You can fly.


Message History

The scroll dissolves into smoke.
It was a scroll of fog.
The gnoll barely misses your hound. The orc wizard closely misses you.
Your hound bites the gnoll.
The gnoll explodes!
The fiery explosion engulfs your hound.
You kill your hound!
Your hound's corpse disappears in a puff of smoke!
The fiery explosion engulfs the kobold.
The kobold explodes!
The fiery explosion engulfs the gnoll.
The gnoll explodes!
The fiery explosion engulfs the gnoll.
The gnoll explodes!
The fiery explosion engulfs the ball python.
The ball python explodes!
The fiery explosion engulfs the quokka.
The quokka explodes!
The fiery explosion engulfs you!
Ouch! That really hurt!
You die...

*** ******###***,**
*,,,,,...,,,*,##
*****,**###..,,**#.#******
*..,,,,,,...#**,#.o,,,,,,*
####.#**,***#..# *..#******,*****
....(# #.#**#..#*#o#####***>*,,,,
...#.###....#§§##o......,,,,,,***
...........g§§§§@o§#**,,,>,,****
..........#.#§§#####*******,,,,*
.#...#**,**,#W.#*****,,** *,**,*
...#.# *,**,#.##,≈,,*8,,***,**,*
.....# *,,,,..,*>≈,,+,_,,,*,**,*
.....# ****...,*,≈,,*8,,*,,,,,,*
.....# #...,******,,******,,*
.....# #..W,********* *,,**
.##.## *,,,,,,,,,,,,* *,,**


You could see an orc priest (inner flame), an orc wizard (inner flame), a gnoll
(inner flame) and an orc (inner flame).

Vanquished Creatures
  The ghost of HopefulHyena the Chopper, an amateur HOMo (D:4)
  Eustachio (D:5)
  A phantom (D:4)
  2 centaurs
  A big kobold (D:7)
  2 bullfrogs
  2 scorpions (D:6)
  A crimson imp (D:5)
  6 orc wizards
  A jelly (D:6)
  4 orc priests
  A hound (D:5)
  3 bullfrog skeletons
  A worker ant (D:4)
  6 gnolls
  3 adders
  An adder zombie (D:5)
  An adder skeleton (D:3)
  A worm (D:2)
  5 dart slugs
  6 leopard geckos
  10 orcs
  3 ball pythons
  2 bats (D:2)
  6 giant cockroaches
  2 goblins
  6 hobgoblins
  6 jackals
  8 kobolds
  A quokka (D:7)
  5 frilled lizards
  8 rats
107 creatures vanquished.

Vanquished Creatures (collateral kills)
  A phantom (D:5)
  A centaur (D:5)
  Dowan (D:7)
  An orc wizard (D:6)
  A worker ant (D:6)
  A hound zombie (D:5)
  6 gnolls (D:4)
  6 adders
  An ooze (D:1)
  A worm (D:2)
  2 dart slugs
  A leopard gecko (D:2)
  6 orcs
  2 bats (D:1)
  3 giant cockroaches
  2 hobgoblins (D:2)
  8 jackals
  2 frilled lizards (D:3)
  2 goblins
  2 kobolds
  A rat (D:2)
51 creatures vanquished.

Grand Total: 158 creatures vanquished

Notes
Turn   | Place    | Note
-------+----------+-------------------------------------------
     0 | D:1      | sveltemanboy the Tengu Summoner began the quest for the Orb.
     0 | D:1      | Reached XP level 1. HP: 10/10 MP: 4/4
   279 | D:1      | Reached skill level 5 in Summonings
   389 | D:1      | Reached XP level 2. HP: 7/15 MP: 3/6
   552 | D:1      | Learned a level 2 spell: Call Imp
  1067 | D:1      | Reached XP level 3. HP: 12/19 MP: 7/7
  1088 | D:1      | Reached skill level 6 in Summonings
  1323 | D:1      | Learned a level 3 spell: Call Canine Familiar
  2347 | D:2      | Reached XP level 4. HP: 20/24 MP: 8/8
  2494 | D:2      | Reached skill level 1 in Fighting
  3546 | D:3      | Reached skill level 7 in Summonings
  3655 | D:3      | Gained mutation: You can fly. [Tengu growth]
  3655 | D:3      | Reached XP level 5. HP: 30/30 MP: 9/9
  3746 | D:3      | Found an opulent altar of Gozag.
  3746 | D:3      | Found a hide-covered altar of Uskayaw.
  3751 | D:3      | Found a blossoming altar of Fedhas.
  3753 | D:3      | Found a hazy altar of Hepliaklqana.
  3755 | D:3      | Found a radiant altar of Vehumet.
  3965 | D:4      | Reached skill level 1 in Shields
  4240 | D:4      | Reached XP level 6. HP: 35/35 MP: 6/10
  4255 | D:4      | Noticed HopefulHyena's ghost (amateur HOMo)
  4270 | D:3      | Found an ancient bone altar of Kikubaaqudgha.
  4328 | D:4      | Killed HopefulHyena's ghost
  4328 | D:4      | Reached skill level 8 in Summonings
  4390 | D:4      | Found a white marble altar of Elyvilon.
  4471 | D:4      | Found a burning altar of Makhleb.
  4555 | D:4      | Noticed a phantom
  4649 | D:4      | Killed a phantom
  4649 | D:4      | Reached XP level 7. HP: 7/40 MP: 0/11
  5681 | D:5      | Entered Level 5 of the Dungeon
  5798 | D:5      | Found a sparkling altar of Nemelex Xobeh.
  5826 | D:5      | Noticed Eustachio
  5851 | D:5      | Killed Eustachio
  5851 | D:5      | Reached skill level 9 in Summonings
  5878 | D:5      | Identified the Handbook of Enthralling Changing
  5955 | D:5      | Reached skill level 5 in Shields
  5955 | D:5      | Reached XP level 8. HP: 34/44 MP: 12/12
  5978 | D:5      | Reached skill level 1 in Polearms
  6889 | D:6      | Reached skill level 10 in Summonings
  6895 | D:6      | Learned a level 4 spell: Summon Ice Beast
  7045 | D:6      | Found Gesoer's Distillery.
  8317 | D:7      | Found a staircase to the Ecumenical Temple.
  8331 | Temple   | Entered the Ecumenical Temple
  8735 | D:7      | Noticed Alarkh's ghost (novice DsMo)
  8853 | D:7      | Reached skill level 5 in Polearms
  8853 | D:7      | Reached XP level 9. HP: 43/48 MP: 13/13
  8884 | D:7      | Noticed Dowan
  8887 | D:7      | Noticed Duvessa
  8890 | D:7      | Killed Dowan
  8919 | D:7      | Killed from afar by a quokka

Skill      XL: |  1  2  3  4  5  6  7  8 |
---------------+-------------------------+-----
Summonings     | 5 6 7 8 9 10 | 10.9
Fighting       | 1 2 |  2.0
Shields        | 2 3 5 |  5.0
Polearms       | 5 |  5.2
Dodging        | |  2.1
Stealth        | |  2.0
Spellcasting   | |  2.0

Action                   |  1- 3 |  4- 6 |  7- 9 || total
-------------------------+-------+-------+-------++-------
Melee: Unarmed           |    28 |       |       ||    28
       Kick              |    19 |    20 |    35 ||    74
       Peck              |    11 |    15 |    29 ||    55
       Mace              |    49 |       |       ||    49
       Dagger            |    11 |   131 |   178 ||   320
 Cast: Summon Small Mamm |    32 |     2 |       ||    34
       Call Canine Famil |     4 |    10 |    16 ||    30
       Call Imp          |     3 |     7 |    23 ||    33
  Use: Potion            |     1 |     5 |     1 ||     7
       Scroll            |       |     9 |     8 ||    17
 Stab: Sleeping          |     1 |     7 |     9 ||    17
       Distracted        |       |       |     1 ||     1
  Eat: Chunk             |     4 |     9 |    15 ||    28
       Pizza             |     1 |       |       ||     1
       Fruit             |       |       |     2 ||     2
Armor: Robe              |    14 |    12 |    29 ||    55
Dodge: Dodged            |    68 |    70 |   107 ||   245
Block: Buckler           |       |       |    44 ||    44
